General information
- name: BNet
- type: Ladder team game (AT/RT)
- host: Battle.net
- saver: khr8098i
map: TwilightRuins
- players: 8
- length: 22:13
- speed: Fast
- version: 1.27 W3XP
- replay type: Public
» download(179 KB)
Players
team 1 (loser)
QuaNtuM_PaRaDoX (
purple | 115 APM | 1480 actions | 12:52)
3 Death Knight
2 Death Coil
1 Unholy Aura
1 Lich
1 Frost Nova
» actions
| Assign group hotkey | 29 | |
| Basic commands | 4 | |
| Build / train | 31 | |
| ESC pressed | 1 | |
| Enter build submenu | 14 | |
| Enter hero's abilities submenu | 4 | |
| Right click | 649 | |
| Select / deselect | 165 | |
| Select group hotkey | 549 | |
| Use ability | 34 | |
1480 total
» units
| Acolyte | 2 | |
| Ghoul | 3 | |
| Crypt Fiend | 10 | |
| Frost Wyrm | 2 | |
17 total
» upgrades
| Creature Attack | 2 | |
| Burrow | 1 | |
| Web | 1 | |
4 total
» buildings
| Graveyard | 1 | |
| Crypt | 1 | |
| Altar of Darkness | 1 | |
| Ziggurat | 5 | |
| Tomb of Relics | 1 | |
| Halls of the Dead | 1 | |
| Nerubian Tower | 1 | |
| Sacrificial Pit | 1 | |
| Black Citadel | 1 | |
| Boneyard | 1 | |
14 total
» build order
00:10 Graveyard
00:11 Crypt
00:45 Altar of Darkness
00:59 Ziggurat
01:38 Tomb of Relics
02:02 Ziggurat
04:04 Halls of the Dead
04:08 Nerubian Tower
04:53 Ziggurat
06:54 Sacrificial Pit
07:31 Black Citadel
08:10 Ziggurat
10:10 Boneyard
11:05 Ziggurat
» items
THEDONALD (
blue | 90 APM | 1685 actions | 18:44)
5 Archmage
3 Summon Water Elemental
2 Brilliance Aura
2 Paladin
1 Holy Light
1 Divine Shield
» actions
| Assign group hotkey | 43 | |
| Basic commands | 19 | |
| Build / train | 83 | |
| Enter build submenu | 29 | |
| Enter hero's abilities submenu | 7 | |
| Remove unit from queue | 4 | |
| Right click | 853 | |
| Select / deselect | 359 | |
| Select group hotkey | 203 | |
| Use ability | 85 | |
1685 total
» units
| Peasant | 16 | |
| Footman | 10 | |
| Rifleman | 9 | |
| Spell Breaker | 3 | |
| Knight | 5 | |
| Priest | 2 | |
45 total
» upgrades
| Defend | 1 | |
| Plating | 1 | |
| Lumber Harvesting | 1 | |
| Priest Training | 1 | |
4 total
» buildings
| Barracks | 3 | |
| Altar of Kings | 1 | |
| Farm | 9 | |
| Lumber Mill | 1 | |
| Blacksmith | 1 | |
| Arcane Vault | 1 | |
| Town Hall | 1 | |
| Scout Tower | 3 | |
| Keep | 2 | |
| Guard Tower | 8 | |
| Arcane Sanctum | 1 | |
| Castle | 1 | |
32 total
» build order
00:07 Barracks
00:12 Altar of Kings
00:19 Farm
00:55 Farm
01:44 Farm
02:27 Lumber Mill
02:33 Farm
04:20 Blacksmith
04:53 Farm
04:58 Arcane Vault
05:54 Town Hall
05:56 Scout Tower
06:00 Scout Tower
06:37 Keep
06:37 Keep
06:49 Guard Tower
06:49 Guard Tower
06:50 Guard Tower
06:50 Guard Tower
06:51 Guard Tower
06:51 Guard Tower
06:51 Guard Tower
06:52 Guard Tower
07:24 Farm
08:17 Farm
09:38 Arcane Sanctum
10:59 Castle
11:59 Farm
12:00 Farm
13:25 Scout Tower
13:29 Barracks
13:34 Barracks
» items
| Scroll of Regeneration | 4 | |
| Potion of Lesser Invulnerability | 1 | |
| Scroll of Town Portal | 1 | |
| Potion of Healing | 1 | |
7 total

»
Arafat (
orange | 65 APM | 1451 actions | 22:11)
5 Death Knight
3 Death Coil
2 Unholy Aura
2 Crypt Lord
1 Impale
1 Spiked Carapace
» actions
| Assign group hotkey | 26 | |
| Basic commands | 12 | |
| Build / train | 85 | |
| Enter build submenu | 22 | |
| Enter hero's abilities submenu | 7 | |
| Right click | 514 | |
| Select / deselect | 318 | |
| Select group hotkey | 396 | |
| Use ability | 71 | |
1451 total
» units
| Acolyte | 11 | |
| Ghoul | 7 | |
| Crypt Fiend | 15 | |
| Frost Wyrm | 7 | |
40 total
» upgrades
| Creature Attack | 3 | |
| Creature Carapace | 2 | |
| Web | 1 | |
6 total
» buildings
| Ziggurat | 13 | |
| Crypt | 1 | |
| Altar of Darkness | 2 | |
| Nerubian Tower | 7 | |
| Graveyard | 1 | |
| Tomb of Relics | 1 | |
| Halls of the Dead | 5 | |
| Spirit Tower | 2 | |
| Black Citadel | 1 | |
| Sacrificial Pit | 1 | |
| Boneyard | 2 | |
| Necropolis | 2 | |
38 total
» build order
00:13 Ziggurat
00:16 Crypt
00:22 Altar of Darkness
01:05 Nerubian Tower
01:05 Nerubian Tower
01:05 Nerubian Tower
01:51 Graveyard
02:19 Ziggurat
03:13 Ziggurat
03:18 Nerubian Tower
04:47 Tomb of Relics
06:22 Halls of the Dead
06:23 Halls of the Dead
06:30 Ziggurat
07:11 Ziggurat
07:12 Ziggurat
07:13 Ziggurat
08:25 Spirit Tower
08:27 Spirit Tower
08:29 Nerubian Tower
08:31 Ziggurat
09:27 Black Citadel
12:06 Sacrificial Pit
13:32 Boneyard
13:33 Boneyard
13:39 Ziggurat
13:42 Necropolis
16:37 Necropolis
16:40 Ziggurat
16:42 Altar of Darkness
17:32 Ziggurat
17:41 Halls of the Dead
18:05 Ziggurat
18:08 Ziggurat
» items
| Potion of Healing | 3 | |
| Scroll of Town Portal | 2 | |
5 total
faast (
teal | 43 APM | 811 actions | 18:48)
3 Mountain King
2 Storm Bolt
1 Bash
» actions
| Basic commands | 17 | |
| Build / train | 48 | |
| Enter build submenu | 31 | |
| Enter hero's abilities submenu | 3 | |
| Remove unit from queue | 4 | |
| Right click | 299 | |
| Select / deselect | 351 | |
| Use ability | 57 | |
811 total
» units
| Peasant | 9 | |
| Footman | 9 | |
| Goblin Shredder | 1 | |
| Rifleman | 4 | |
| Ghoul | 5 | |
28 total
» upgrades
| Defend | 1 | |
| Swords | 1 | |
| Masonry | 1 | |
| Plating | 1 | |
| Gunpowder | 0 | |
4 total
» buildings
| Altar of Kings | 2 | |
| Barracks | 1 | |
| Farm | 10 | |
| Scout Tower | 10 | |
| Arcane Tower | 3 | |
| Lumber Mill | 1 | |
| Blacksmith | 1 | |
| Guard Tower | 3 | |
| Keep | 1 | |
| Arcane Vault | 1 | |
| Town Hall | 2 | |
| Necropolis | 1 | |
| Altar of Darkness | 1 | |
| Ziggurat | 3 | |
| Crypt | 1 | |
| Nerubian Tower | 1 | |
42 total
» build order
00:10 Altar of Kings
00:16 Barracks
00:30 Farm
00:57 Farm
01:50 Farm
02:02 Scout Tower
03:37 Arcane Tower
03:40 Scout Tower
03:43 Farm
03:58 Lumber Mill
04:06 Blacksmith
04:22 Arcane Tower
05:53 Scout Tower
06:26 Arcane Tower
06:53 Scout Tower
07:12 Scout Tower
07:23 Guard Tower
07:26 Farm
07:29 Scout Tower
08:34 Guard Tower
09:10 Scout Tower
09:27 Keep
10:25 Guard Tower
10:29 Farm
10:30 Farm
10:38 Arcane Vault
13:15 Town Hall
13:23 Altar of Kings
13:39 Farm
13:40 Farm
13:43 Farm
15:30 Necropolis
15:31 Altar of Darkness
15:34 Ziggurat
15:35 Ziggurat
15:38 Ziggurat
15:42 Crypt
17:01 Town Hall
17:24 Scout Tower
18:00 Arcane Tower
18:20 Nerubian Tower
» items
team 2 (winner)

»
SuSu (
green | 172 APM | 3812 actions | 22:12)
6 Death Knight
3 Death Coil
1 Unholy Aura
1 Death Pact
1 Animate Dead
5 Lich
3 Frost Nova
2 Dark Ritual
» actions
| Assign group hotkey | 67 | |
| Basic commands | 254 | |
| Build / train | 89 | |
| ESC pressed | 1 | |
| Enter build submenu | 32 | |
| Enter hero's abilities submenu | 11 | |
| Give item / drop item | 7 | |
| Right click | 811 | |
| Select / deselect | 844 | |
| Select group hotkey | 1565 | |
| Use ability | 131 | |
3812 total
» units
| Acolyte | 2 | |
| Ghoul | 5 | |
| Crypt Fiend | 10 | |
| Obsidian Statue | 4 | |
| Goblin Sapper | 5 | |
26 total
» upgrades
| Creature Attack | 3 | |
| Web | 1 | |
| Burrow | 1 | |
| Creature Carapace | 3 | |
| Destroyer Form | 1 | |
9 total
» buildings
| Crypt | 1 | |
| Ziggurat | 6 | |
| Graveyard | 1 | |
| Altar of Darkness | 1 | |
| Tomb of Relics | 3 | |
| Nerubian Tower | 4 | |
| Halls of the Dead | 3 | |
| Slaughterhouse | 2 | |
| Black Citadel | 4 | |
| Spirit Tower | 1 | |
| Sacrificial Pit | 1 | |
| Boneyard | 1 | |
28 total
» build order
00:11 Crypt
00:14 Ziggurat
00:36 Graveyard
00:58 Altar of Darkness
01:35 Tomb of Relics
02:13 Ziggurat
02:24 Nerubian Tower
02:24 Nerubian Tower
03:58 Halls of the Dead
03:58 Halls of the Dead
04:20 Ziggurat
06:31 Slaughterhouse
07:15 Ziggurat
09:01 Ziggurat
09:58 Black Citadel
09:58 Black Citadel
09:58 Black Citadel
11:07 Nerubian Tower
11:09 Tomb of Relics
11:58 Spirit Tower
12:57 Tomb of Relics
13:16 Sacrificial Pit
15:13 Slaughterhouse
17:02 Boneyard
21:03 Ziggurat
» items
| Rod of Necromancy | 2 | |
| Dust of Appearance | 1 | |
| Sacrificial Skull | 1 | |
| Boots of Speed | 1 | |
| Scroll of Town Portal | 1 | |
| Orb of Venom | 1 | |
| Scroll of Protection | 1 | |
8 total
Kloop (
yellow | 35 APM | 786 actions | 22:12)
5 Tauren Chieftain
2 War Stomp
3 Endurance Aura
5 Shadow Hunter
3 Healing Wave
2 Hex
1 Blademaster
1 Wind Walk
» actions
| Basic commands | 64 | |
| Build / train | 66 | |
| Enter build submenu | 25 | |
| Enter hero's abilities submenu | 11 | |
| Right click | 301 | |
| Select / deselect | 249 | |
| Use ability | 70 | |
786 total
» units
| Peon | 10 | |
| Grunt | 12 | |
| Kodo Beast | 5 | |
| Wind Rider | 3 | |
| Shaman | 4 | |
| Raider | 2 | |
36 total
» upgrades
| Berserker Strength | 1 | |
| Armor | 2 | |
| Reinforced Defenses | 1 | |
| Melee Weapons | 1 | |
| War Drums Damage Increase | 1 | |
| Shaman Training | 2 | |
| Pillage | 1 | |
| Envenomed Spears | 1 | |
| Spiked Barricades | 1 | |
11 total
» buildings
| Altar of Storms | 1 | |
| Orc Burrow | 9 | |
| Barracks | 1 | |
| Stronghold | 1 | |
| War Mill | 1 | |
| Voodoo Lounge | 1 | |
| Beastiary | 1 | |
| Fortress | 1 | |
| Watch Tower | 5 | |
| Spirit Lodge | 1 | |
| Tauren Totem | 1 | |
| Great Hall | 1 | |
24 total
» build order
00:09 Altar of Storms
00:13 Orc Burrow
00:48 Barracks
01:37 Orc Burrow
02:15 Orc Burrow
03:48 Stronghold
05:12 Orc Burrow
05:39 War Mill
05:44 Voodoo Lounge
06:55 Beastiary
07:18 Fortress
08:02 Watch Tower
08:06 Orc Burrow
08:48 Orc Burrow
09:12 Watch Tower
09:20 Orc Burrow
10:03 Spirit Lodge
10:32 Watch Tower
17:12 Orc Burrow
17:21 Tauren Totem
18:23 Orc Burrow
19:40 Great Hall
20:07 Watch Tower
21:13 Watch Tower
» items
| Healing Salve | 1 | |
| Orb of Lightning | 1 | |
2 total
HomeyDaClown (
pink | 29 APM | 645 actions | 22:12)
5 Keeper of the Grove
2 Force of Nature
3 Entangling Roots
» actions
| Assign group hotkey | 1 | |
| Build / train | 79 | |
| Enter build submenu | 17 | |
| Enter hero's abilities submenu | 5 | |
| Give item / drop item | 3 | |
| Right click | 269 | |
| Select / deselect | 209 | |
| Use ability | 62 | |
645 total
» units
| Wisp | 23 | |
| Archer | 14 | |
| Huntress | 1 | |
| Hippogryph | 11 | |
| Chimaera | 9 | |
58 total
» upgrades
| Strength of the Wild | 3 | |
| Reinforced Hides | 1 | |
| Nature's Blessing | 1 | |
| Druid of the Talon Training | 1 | |
| Corrosive Breath | 1 | |
7 total
» buildings
| Moon Well | 10 | |
| Altar of Elders | 1 | |
| Ancient of War | 1 | |
| Hunter's Hall | 1 | |
| Ancient Protector | 3 | |
| Tree of Ages | 1 | |
| Ancient of Wonders | 1 | |
| Ancient of Wind | 2 | |
| Tree of Eternity | 1 | |
| Chimaera Roost | 1 | |
22 total
» build order
00:11 Moon Well
00:17 Altar of Elders
00:52 Ancient of War
01:51 Hunter's Hall
02:05 Moon Well
02:55 Ancient Protector
03:00 Ancient Protector
03:46 Ancient Protector
04:03 Tree of Ages
06:00 Ancient of Wonders
06:32 Ancient of Wind
06:36 Ancient of Wind
08:15 Moon Well
08:16 Moon Well
08:17 Moon Well
09:19 Tree of Eternity
11:49 Chimaera Roost
14:17 Moon Well
14:53 Moon Well
19:48 Moon Well
19:49 Moon Well
19:50 Moon Well
» items
| Rod of Necromancy | 1 | |
| Potion of Healing | 2 | |
| Scroll of Town Portal | 1 | |
| Lesser Clarity Potion | 1 | |
| Scroll of Protection | 1 | |
6 total
khr8098i (
red | 48 APM | 1056 actions | 22:13)
4 Blood Mage
2 Banish
2 Siphon Mana
» actions
| Assign group hotkey | 10 | |
| Basic commands | 29 | |
| Build / train | 44 | |
| ESC pressed | 1 | |
| Enter build submenu | 23 | |
| Enter hero's abilities submenu | 4 | |
| Right click | 494 | |
| Select / deselect | 224 | |
| Select group hotkey | 106 | |
| Use ability | 121 | |
1056 total
» units
» upgrades
| Masonry | 1 | |
| Gunpowder | 3 | |
| Armor | 2 | |
| Flare | 1 | |
| Fragmentation Shards | 1 | |
8 total
» buildings
| Lumber Mill | 2 | |
| Altar of Kings | 1 | |
| Farm | 8 | |
| Scout Tower | 2 | |
| Arcane Tower | 1 | |
| Blacksmith | 1 | |
| Guard Tower | 1 | |
| Keep | 1 | |
| Castle | 2 | |
| Workshop | 6 | |
| Town Hall | 1 | |
26 total
» build order
00:26 Lumber Mill
00:43 Lumber Mill
01:00 Altar of Kings
01:12 Farm
01:26 Scout Tower
01:51 Farm
01:56 Arcane Tower
02:27 Blacksmith
02:29 Farm
02:39 Scout Tower
03:27 Guard Tower
03:32 Keep
05:56 Castle
05:56 Castle
05:59 Workshop
06:01 Workshop
06:44 Workshop
06:47 Workshop
07:02 Workshop
07:08 Workshop
07:10 Farm
08:40 Farm
08:42 Farm
09:29 Farm
09:30 Farm
17:31 Town Hall
» items
| Scroll of Town Portal | 1 | |
| Scroll of Healing | 1 | |
2 total
Chat log
(00:06 / Allies) Kloop: sup
(00:11 / Allies) khr8098i: hey
(00:14 / Allies) khr8098i: im a mort assassin
(00:18 / Allies) khr8098i: ;p
(00:25 / Allies) SuSu: 100g for simple job?
(00:32 / Allies) SuSu: just kidding
(00:38 / Allies) khr8098i: lol wat
(00:54 / Allies) SuSu: give me 100g then i give u a blowjob
(00:56 / Allies) khr8098i: lol
(01:06 / Allies) Kloop: what does 50g get me
(01:09 / Allies) khr8098i: pinks wisp is suspicious
(01:14 / Allies) khr8098i: i dont trust it
(01:21 / Allies) Kloop: safety
(01:22 / Allies) SuSu: half way suck
(01:25 / Allies) Kloop: incase he gets hit
(01:27 / Allies) SuSu: not a deepthroat
(01:37 / Allies) khr8098i: its a spy wisp
(01:42 / Allies) khr8098i: in case green turns on us
(01:46 / Allies) Kloop: lol
(01:48 / Allies) khr8098i: he is undead after all
(03:12 / Allies) Kloop: omw
(03:15 / Allies) Kloop: lets get em
(03:20 / Allies) Kloop: focus fire
(03:46 / Allies) khr8098i: counter?
(04:03 / Allies) khr8098i: kill his expo
(04:08 / Allies) Kloop: too early
(04:21 / Allies) Kloop: tower
(04:27 / Allies) khr8098i: b
(04:27 / Allies) khr8098i: b
(04:56 / Allies) khr8098i: tp out
(04:59 / Allies) khr8098i: ur grunt
(05:00 / Allies) Kloop: kill tower
(07:48 / Allies) khr8098i: take expo yellow
(07:59 / Allies) khr8098i: i dont need it
(08:32 / Allies) khr8098i: got 4 shops pumping morts
(08:36 / Allies) khr8098i: ill attack when i have a dozen mort
(09:33 / Allies) khr8098i: gold pls
(09:34 / Allies) khr8098i: for more mort
(10:28 / Allies) khr8098i: come yellow
(10:31 / Allies) khr8098i: lets assassinate teal
(10:34 / Allies) SuSu: keep hit
(10:35 / Allies) SuSu: it gone
(10:44 / Allies) khr8098i: charge yellow
(10:45 / Allies) khr8098i: go
(10:53 / Allies) khr8098i: cover my mort
(10:54 / Allies) khr8098i: gogogoog
(11:15 / Allies) Kloop: nice
(11:46 / Allies) khr8098i: gonna tp soon
(11:48 / Allies) khr8098i: let me hit next also
(12:00 / Allies) SuSu: hey
(12:02 / Allies) SuSu: need help
(13:18 / Allies) Kloop: nice job red
(13:48 / Allies) khr8098i: hit blu next
(14:02 / Allies) khr8098i: you guys attack
(14:05 / Allies) khr8098i: keep them busy
(14:07 / Allies) khr8098i: then i assassinate blu
(14:16 / Allies) khr8098i: good
(14:45 / Allies) khr8098i: help
(15:02 / Allies) khr8098i: fail lol
(15:10 / Allies) khr8098i: gold pls
(15:30 / Allies) khr8098i: keep em busy
(15:32 / Allies) khr8098i: i kill oj
(16:15 / Allies) khr8098i: help
(16:16 / Allies) khr8098i: shit
(16:24 / Allies) khr8098i: halp
(16:34 / Allies) khr8098i: wow lost my army
(17:33 / Allies) Kloop: altar
(18:12 / Allies) khr8098i: hitting purp again
(18:15 / Allies) khr8098i: he rebuilt lol
(20:07 / Allies) khr8098i: oh man
(20:11 / Allies) khr8098i: teals hall is sneaky
(20:41 / All) khr8098i: im a mortar assassin guys
(20:42 / All) khr8098i: lol
(21:31 / Allies) khr8098i: pink just charge in
(21:33 / Allies) khr8098i: its gg anyways
(21:36 / Allies) khr8098i: who cares
(21:43 / Allies) khr8098i: just go straight in
(21:47 / Allies) khr8098i: do a suicidie charge
(22:00 / Allies) khr8098i: nobody there
(22:08 / All) Arafat: gg